| TOP OF THE 1ST |
|
Brooklyn Cyclones batting - Pitching for West Virginia Black Bears : LHP Francisco Mendoza
|
|
Pitching: LHP Francisco Mendoza
|
|
|
Batting: RHB Prabhukumar Santhanakrishnan
|
0-0: Called Strike 0-1: Foul Ball, location: 2F 0-2: Hit by Pitch
|
|
Batting: LHB Matt Baker
|
0-0: Called Strike 0-1: Ball 1-1: Called Strike 1-2: Ball 2-2: Foul Ball, location: 2F 2-2: Foul Ball, location: 2F 2-2: Ball 3-2: Base on Balls Prabhukumar Santhanakrishnan to second
|
|
Batting: RHB Mike Mathews
|
0-0: Called Strike 0-1: Ball 1-1: Called Strike Prabhukumar Santhanakrishnan steals 3rd base Matt Baker to second 1-2: Ball 2-2: SINGLE (Groundball, 34D, EV 100.0 MPH) Prabhukumar Santhanakrishnan scores Matt Baker to third Runner from 3rd tries for Home, throw by RF and OUT! 9-2 Mike Mathews to second
|
|
Batting: RHB Sang-ton Pak
|
0-0: Called Strike 0-1: Ball 1-1: Foul Ball, location: 2F 1-2: Foul Ball, location: 2F 1-2: Ball 2-2: Ball 3-2: Base on Balls
|
|
Batting: RHB Bill Crogan
|
0-0: Foul Ball, location: 2F 0-1: Ball 1-1: Grounds into double play, 5-4-3 (Groundball, 56, EV 103.8 MPH)
|
| Top of the 1st over - 1 run, 1 hit, 0 errors, 1 left on base; Brooklyn 1 - West Virginia 0 |
| BOTTOM OF THE 1ST |
|
West Virginia Black Bears batting - Pitching for Brooklyn Cyclones : RHP Ethan Massey
|
|
Pitching: RHP Ethan Massey
|
|
|
Batting: RHB Ryan LeSueur
|
0-0: Ball 1-0: Called Strike 1-1: SINGLE (Line Drive, 8RS, EV 105.6 MPH)
|
|
Batting: SHB Rob Haney
|
0-0: Called Strike Ryan LeSueur steals 2nd, throwing error, E2 Ryan LeSueur to third 0-1: Fly out, F9 (Flyball, 89S, EV 73.1 MPH) Runner from 3rd tags up, SCORES, throw by RF
|
|
Batting: RHB Edwardo Tanchez
|
0-0: Called Strike 0-1: Ball 1-1: Foul Ball, location: 2F 1-2: Fly out, F8 (Line Drive, 8RD, EV 106.2 MPH)
|
|
Batting: RHB Randy Bergman
|
0-0: Ball 1-0: Foul Ball, location: 2F 1-1: Foul Ball, location: 2F 1-2: Strikes out swinging
|
| Bottom of the 1st over - 1 run, 1 hit, 1 error, 0 left on base; Brooklyn 1 - West Virginia 1 |
| TOP OF THE 2ND |
|
Brooklyn Cyclones batting - Pitching for West Virginia Black Bears : LHP Francisco Mendoza
|
|
Batting: SHB Salvador Gomez
|
0-0: Ball 1-0: Foul Ball, location: 2F 1-1: Ball 2-1: Ball 3-1: Base on Balls
|
|
Batting: RHB Victor Reyes
|
0-0: Called Strike 0-1: 2-RUN HOME RUN (Line Drive, 7D, EV 102.5 MPH), Distance : 389 ft
|
|
Batting: LHB Elmo Dreier
|
0-0: Fly out, F9 (Flyball, 89M, EV 96.2 MPH)
|
|
Batting: SHB Duri Chilemba
|
0-0: Fly out, F5 (Popup, 5SF, EV 79.4 MPH)
|
|
Batting: RHB Prabhukumar Santhanakrishnan
|
0-0: Fly out, F8 (Flyball, 8RXD, EV 102.5 MPH)
|
| Top of the 2nd over - 2 runs, 1 hit, 0 errors, 0 left on base; Brooklyn 3 - West Virginia 1 |
| BOTTOM OF THE 2ND |
|
West Virginia Black Bears batting - Pitching for Brooklyn Cyclones : RHP Ethan Massey
|
|
Batting: LHB Sun-wei Kuai
|
0-0: Swinging Strike 0-1: Ball 1-1: SINGLE (Groundball, 56D, EV 103.8 MPH)
|
|
Batting: RHB Mike Weeks
|
0-0: Called Strike 0-1: Called Strike 0-2: Ball 1-2: Strikes out swinging
|
|
Batting: SHB Nathan Clement
|
0-0: Ball 1-0: Swinging Strike 1-1: Grounds into double play, 4-6-3 (Groundball, 34D, EV 102.5 MPH)
|
| Bottom of the 2nd over - 0 runs, 1 hit, 0 errors, 0 left on base; Brooklyn 3 - West Virginia 1 |
| TOP OF THE 3RD |
|
Brooklyn Cyclones batting - Pitching for West Virginia Black Bears : LHP Francisco Mendoza
|
|
Batting: LHB Matt Baker
|
0-0: Ground out 4-3 (Groundball, 4M, EV 76.9 MPH)
|
|
Batting: RHB Mike Mathews
|
0-0: Fly out, F7 (Flyball, 78D, EV 95.6 MPH)
|
|
Batting: RHB Sang-ton Pak
|
0-0: Ball 1-0: Foul Ball, location: 2F 1-1: Ball 2-1: Ball 3-1: Ground out 5-3 (Groundball, 56, EV 77.5 MPH)
|
| Top of the 3rd over - 0 runs, 0 hits, 0 errors, 0 left on base; Brooklyn 3 - West Virginia 1 |
| BOTTOM OF THE 3RD |
|
West Virginia Black Bears batting - Pitching for Brooklyn Cyclones : RHP Ethan Massey
|
|
Batting: LHB Jesse Haught
|
0-0: Fly out, F8 (Flyball, 8RD, EV 86.2 MPH)
|
|
Batting: RHB Francisco Santos
|
0-0: Ball 1-0: Swinging Strike 1-1: Ball 2-1: Called Strike 2-2: Strikes out looking
|
|
Batting: RHB Ryan LeSueur
|
0-0: Reached on error, E4 (Groundball, 4, EV 82.5 MPH)
|
|
Batting: SHB Rob Haney
|
0-0: Ball 1-0: Called Strike 1-1: Called Strike 1-2: Strikes out swinging
|
| Bottom of the 3rd over - 0 runs, 0 hits, 1 error, 1 left on base; Brooklyn 3 - West Virginia 1 |
| TOP OF THE 4TH |
|
Brooklyn Cyclones batting - Pitching for West Virginia Black Bears : LHP Francisco Mendoza
|
|
Batting: RHB Bill Crogan
|
0-0: Called Strike 0-1: Swinging Strike 0-2: Foul Ball, location: 2F 0-2: Ball 1-2: Strikes out swinging
|
|
Batting: SHB Salvador Gomez
|
0-0: TRIPLE (Flyball, 89XD, EV 104.4 MPH)
|
|
Batting: RHB Victor Reyes
|
0-0: Called Strike 0-1: Foul Ball, location: 2F 0-2: Strikes out looking
|
|
Batting: LHB Elmo Dreier
|
0-0: Ball 1-0: Foul Ball, location: 2F 1-1: SINGLE (Groundball, 4M, EV 100.6 MPH) Salvador Gomez scores
|
|
Batting: SHB Duri Chilemba
|
0-0: Called Strike 0-1: Ground out 1-3 (Groundball, P, EV 68.1 MPH)
|
| Top of the 4th over - 1 run, 2 hits, 0 errors, 1 left on base; Brooklyn 4 - West Virginia 1 |
| BOTTOM OF THE 4TH |
|
West Virginia Black Bears batting - Pitching for Brooklyn Cyclones : RHP Ethan Massey
|
|
Batting: RHB Edwardo Tanchez
|
0-0: Foul Ball, location: 2F 0-1: Foul Ball, location: 2F 0-2: DOUBLE (Line Drive, 5D, EV 107.5 MPH)
|
|
Batting: RHB Randy Bergman
|
0-0: DOUBLE (Flyball, 8LXD, EV 98.8 MPH) Edwardo Tanchez scores
|
|
Batting: LHB Sun-wei Kuai
|
0-0: Ball 1-0: Called Strike 1-1: Ball 2-1: Ball 3-1: Foul Ball, location: 2F 3-2: Base on Balls
|
|
Batting: RHB Mike Weeks
|
0-0: Swinging Strike 0-1: Ball 1-1: Foul Ball, location: 2F 1-2: Strikes out looking
|
|
Batting: SHB Nathan Clement
|
0-0: Called Strike 0-1: Foul Ball, location: 2F 0-2: Ball 1-2: Ball 2-2: Grounds into double play, 6-4-3 (Groundball, 6, EV 81.2 MPH)
|
| Bottom of the 4th over - 1 run, 2 hits, 0 errors, 1 left on base; Brooklyn 4 - West Virginia 2 |
| TOP OF THE 5TH |
|
Brooklyn Cyclones batting - Pitching for West Virginia Black Bears : LHP Francisco Mendoza
|
|
Batting: RHB Prabhukumar Santhanakrishnan
|
0-0: Ball 1-0: Ball 2-0: Ball 3-0: Base on Balls
|
|
Batting: LHB Matt Baker
|
0-0: Swinging Strike 0-1: Fielders Choice at 2nd, 4-6 (Groundball, 4, EV 95.0 MPH)
|
|
Batting: RHB Mike Mathews
|
0-0: Called Strike 0-1: Foul Ball, location: 2F 0-2: Strikes out swinging
|
|
Batting: RHB Sang-ton Pak
|
0-0: Ball 1-0: Ball Matt Baker steals 2nd base (no throw) 2-0: Fly out, F8 (Flyball, 8RM, EV 82.5 MPH)
|
| Top of the 5th over - 0 runs, 0 hits, 0 errors, 1 left on base; Brooklyn 4 - West Virginia 2 |
| BOTTOM OF THE 5TH |
|
West Virginia Black Bears batting - Pitching for Brooklyn Cyclones : RHP Ethan Massey
|
|
Batting: LHB Jesse Haught
|
0-0: Called Strike 0-1: Ball 1-1: Ball 2-1: Foul Ball, location: 2F 2-2: Strikes out swinging
|
|
Batting: RHB Francisco Santos
|
0-0: Ball 1-0: Called Strike 1-1: Swinging Strike 1-2: Strikes out swinging, 2-3 out at first.
|
|
Batting: RHB Ryan LeSueur
|
0-0: Called Strike 0-1: Ball 1-1: Called Strike 1-2: Foul Ball, location: 2F 1-2: Ball 2-2: Strikes out swinging
|
| Bottom of the 5th over - 0 runs, 0 hits, 0 errors, 0 left on base; Brooklyn 4 - West Virginia 2 |
| TOP OF THE 6TH |
|
Brooklyn Cyclones batting - Pitching for West Virginia Black Bears : LHP Francisco Mendoza
|
|
Batting: RHB Bill Crogan
|
0-0: Foul Ball, location: 2F 0-1: Ball 1-1: Ground out 6-3 (Groundball, 6, EV 101.2 MPH)
|
|
Batting: SHB Salvador Gomez
|
0-0: Ball 1-0: Called Strike 1-1: Ball 2-1: Ball 3-1: Base on Balls
|
|
Pitching: RHP Cal Abbott
|
|
|
Batting: RHB Victor Reyes
|
0-0: Ball 1-0: Fielders Choice at 2nd, 5-4 (Groundball, 56, EV 78.1 MPH)
|
|
Batting: LHB Elmo Dreier
|
0-0: Fly out, F8 (Flyball, 8LM, EV 92.5 MPH)
|
| Top of the 6th over - 0 runs, 0 hits, 0 errors, 1 left on base; Brooklyn 4 - West Virginia 2 |
| BOTTOM OF THE 6TH |
|
West Virginia Black Bears batting - Pitching for Brooklyn Cyclones : RHP Ethan Massey
|
|
Batting: SHB Rob Haney
|
0-0: Ball 1-0: Ball 2-0: Called Strike 2-1: Foul Ball, location: 2F 2-2: Strikes out looking
|
|
Batting: RHB Edwardo Tanchez
|
0-0: Ball 1-0: Called Strike 1-1: Called Strike 1-2: Strikes out swinging
|
|
Batting: RHB Randy Bergman
|
0-0: Ball 1-0: Foul Ball, location: 2F 1-1: DOUBLE (Line Drive, 89D, EV 106.2 MPH)
|
|
Batting: LHB Sun-wei Kuai
|
0-0: Called Strike 0-1: Ball 1-1: Ball 2-1: Called Strike 2-2: Strikes out looking
|
| Bottom of the 6th over - 0 runs, 1 hit, 0 errors, 1 left on base; Brooklyn 4 - West Virginia 2 |
| TOP OF THE 7TH |
|
Brooklyn Cyclones batting - Pitching for West Virginia Black Bears : RHP Cal Abbott
|
|
Batting: SHB Duri Chilemba
|
0-0: Ground out 6-3 (Groundball, 4MD, EV 104.4 MPH)
|
|
Batting: RHB Prabhukumar Santhanakrishnan
|
0-0: Called Strike 0-1: Ball 1-1: Ball 2-1: Ground out 6-3 (Groundball, 6, EV 80.0 MPH)
|
|
Batting: LHB Matt Baker
|
0-0: Swinging Strike 0-1: Ball 1-1: Swinging Strike 1-2: Ball 2-2: Foul Ball, location: 2F 2-2: Foul Ball, location: 2F 2-2: Foul Ball, location: 2F 2-2: Strikes out looking
|
| Top of the 7th over - 0 runs, 0 hits, 0 errors, 0 left on base; Brooklyn 4 - West Virginia 2 |
| BOTTOM OF THE 7TH |
|
West Virginia Black Bears batting - Pitching for Brooklyn Cyclones : RHP Ethan Massey
|
|
Batting: RHB Mike Weeks
|
0-0: Ball 1-0: Called Strike 1-1: Called Strike 1-2: Strikes out swinging
|
|
Batting: SHB Nathan Clement
|
0-0: Ball 1-0: Swinging Strike 1-1: Called Strike 1-2: Strikes out swinging
|
|
Batting: LHB Jesse Haught
|
0-0: Foul Ball, location: 2F 0-1: Ball 1-1: Swinging Strike 1-2: Foul Ball, location: 2F 1-2: Foul Ball, location: 2F 1-2: SINGLE (Line Drive, 78S, EV 88.1 MPH)
|
|
Batting: RHB Francisco Santos
|
|
|
Batting: RHB Matt Derrien
|
0-0: Ball Jesse Haught steals 2nd base 1-0: Foul Ball, location: 2F 1-1: Called Strike 1-2: Strikes out swinging
|
| Bottom of the 7th over - 0 runs, 1 hit, 0 errors, 1 left on base; Brooklyn 4 - West Virginia 2 |
| TOP OF THE 8TH |
|
Brooklyn Cyclones batting - Pitching for West Virginia Black Bears : RHP Cal Abbott
|
|
Batting: RHB Mike Mathews
|
0-0: Called Strike 0-1: Foul Ball, location: 2F 0-2: Ball 1-2: Ball 2-2: Ball 3-2: Strikes out swinging
|
|
Batting: RHB Sang-ton Pak
|
0-0: Called Strike 0-1: Swinging Strike 0-2: Foul Ball, location: 2F 0-2: Ball 1-2: Strikes out swinging
|
|
Batting: RHB Bill Crogan
|
0-0: Called Strike 0-1: Swinging Strike 0-2: Foul Ball, location: 2F 0-2: Ball 1-2: Ground out 5-3 (Groundball, 5L, EV 79.4 MPH)
|
| Top of the 8th over - 0 runs, 0 hits, 0 errors, 0 left on base; Brooklyn 4 - West Virginia 2 |
| BOTTOM OF THE 8TH |
|
West Virginia Black Bears batting - Pitching for Brooklyn Cyclones : RHP Ethan Massey
|
|
Pitching: RHP Jason Horvath
|
|
|
Batting: RHB Ryan LeSueur
|
0-0: Called Strike 0-1: Foul Ball, location: 2F 0-2: Foul Ball, location: 2F 0-2: Ball 1-2: Ball 2-2: Foul Ball, location: 2F 2-2: SINGLE (Groundball, 34D, EV 106.2 MPH)
|
|
Pinch Hitting: LHB Dave Cook
|
0-0: Ball 1-0: Ball 2-0: Foul Ball, location: 2F 2-1: Foul Ball, location: 2F 2-2: Ball 3-2: Strikes out swinging Ryan LeSueur steals 2nd, throwing error, E2 Ryan LeSueur to third
|
|
Batting: RHB Edwardo Tanchez
|
0-0: Ball 1-0: Fly out, F9 (Flyball, 9LS, EV 93.1 MPH)
|
|
Batting: RHB Randy Bergman
|
0-0: Ball 1-0: Called Strike 1-1: Called Strike 1-2: Ball 2-2: Fly out, F8 (Flyball, 8LD, EV 93.8 MPH)
|
| Bottom of the 8th over - 0 runs, 1 hit, 1 error, 1 left on base; Brooklyn 4 - West Virginia 2 |
| TOP OF THE 9TH |
|
Brooklyn Cyclones batting - Pitching for West Virginia Black Bears : RHP Cal Abbott
|
|
Pitching: RHP Ian Ferrara
|
|
|
Now at 3B: Jason Rhodes
|
|
|
Now at SS: Edwardo Tanchez
|
|
|
Batting: SHB Salvador Gomez
|
0-0: Ball 1-0: Ball 2-0: Foul Ball, location: 2F 2-1: DOUBLE (Line Drive, 9D, EV 100.0 MPH)
|
|
Batting: RHB Victor Reyes
|
0-0: Called Strike 0-1: Reached on error, E6 (Groundball, 6, EV 92.5 MPH) Salvador Gomez scores
|
|
Batting: LHB Elmo Dreier
|
0-0: Intentional Walk
|
|
Batting: SHB Duri Chilemba
|
0-0: Sac Bunt to 15S - play at first, batter OUT! 1-3 Victor Reyes to third Elmo Dreier to second
|
|
Batting: RHB Prabhukumar Santhanakrishnan
|
0-0: DOUBLE (Line Drive, 89XD, EV 105.0 MPH) Victor Reyes scores Elmo Dreier scores
|
|
Batting: LHB Matt Baker
|
0-0: Ground out 4-3 (Groundball, 4, EV 105.0 MPH) Prabhukumar Santhanakrishnan to third
|
|
Batting: RHB Mike Mathews
|
0-0: Foul Ball, location: 2F 0-1: Ball 1-1: Ball 2-1: Swinging Strike 2-2: Strikes out looking
|
| Top of the 9th over - 3 runs, 2 hits, 1 error, 1 left on base; Brooklyn 7 - West Virginia 2 |
| BOTTOM OF THE 9TH |
|
West Virginia Black Bears batting - Pitching for Brooklyn Cyclones : RHP Jason Horvath
|
|
Batting: LHB Sun-wei Kuai
|
0-0: Swinging Strike 0-1: Ball 1-1: Ball 2-1: Swinging Strike 2-2: Foul Ball, location: 2F 2-2: Strikes out swinging
|
|
Batting: RHB Mike Weeks
|
0-0: Called Strike 0-1: Called Strike 0-2: Ball 1-2: Ball 2-2: Foul Ball, location: 2F 2-2: Strikes out swinging
|
|
Batting: SHB Nathan Clement
|
0-0: Called Strike 0-1: Ball 1-1: Foul Ball, location: 2F 1-2: Strikes out looking
|
| Bottom of the 9th over - 0 runs, 0 hits, 0 errors, 0 left on base; Brooklyn 7 - West Virginia 2 |
|